Map: Simulacrum LE

Players

TSGSolar (Solar) - Winner!

  • Race: Zerg Zerg
  • League: Master
  • Spawn Location: 11:00

INnoVation

  • Race: Terran Terran
  • League: Grandmaster
  • Spawn Location: 5:00

Event: Shopify TSL 5

VOD

Have the link to the VOD?

Description

Time

  • Played on: May 23, 2020, 8:18 a.m.
  • Length: 6:55

All games in this series

Show
View Real Time Build Order
Export as new Build Order

TSGSolar Zerg - Winner!

Build Orders: Hatch First 

Get SALT Encoding   

  12  0:02  Drone  
  13  0:13  Overlord  
  13  0:17  Drone  
  14  0:31  Drone x2  
  16  0:36  Drone  
  17  0:51  Hatchery  
  17  0:55  Drone  
  17  1:01  Drone  
  18  1:10  Extractor  
  17  1:16  Spawning Pool  
  16  1:19  Drone  
  16  1:23  Drone  
  18  1:32  Drone  
  19  1:41  Drone  
  20  1:52  Overlord  
  20  2:03  Queen x2  
  20  2:04  Zergling x4  
  26  2:14  Drone x2  
  28  2:27  Hatchery  
  27  2:32  Drone  
  27  2:35  Metabolic Boost  
  28  2:38  Drone  
  28  2:40  Drone  
  30  2:46  Queen  
  32  2:51  Overlord  
  32  2:55  Drone  
  32  2:56  Drone  
  34  3:00  Drone  
  34  3:01  Drone  
  36  3:12  Drone x4  
  40  3:15  Drone  
  41  3:22  Queen  
  41  3:23  Overlord  
  41  3:25  Drone  
  44  3:31  Overlord  
  44  3:39  Queen  
  44  3:40  Drone  
  47  3:44  Drone x2  
  47  3:46  Zergling x4  
  52  3:48  Zergling x2  
  52  3:49  Drone  
  52  3:50  Drone  
  52  3:52  Overlord  
  52  3:54  Drone x2  
  56  3:57  Drone  
  56  3:58  Drone  
  56  4:02  Queen  
  60  4:03  Drone  
  60  4:07  Overlord  
  60  4:09  Zergling x2  
  62  4:11  Drone  
  62  4:16  Drone x4  
  67  4:21  Extractor, Zergling x2  
  67  4:23  Drone  
  67  4:26  Overlord  
  67  4:30  Zergling x2  
  68  4:33  Evolution Chamber  
  68  4:34  Evolution Chamber, Spore Crawler x2  
  68  4:35  Spore Crawler  
  68  4:38  Queen  
  65  4:40  Spore Crawler  
  65  4:42  Overlord  
  65  4:45  Drone  
  65  4:46  Drone x2  
  65  4:49  Drone x2  
  65  4:51  Drone  
  70  4:53  Drone x2  
  70  4:59  Zergling x6  
  75  5:09  Spine Crawler  
  75  5:12  Baneling Nest  
  75  5:13  Queen  
  75  5:18  Zergling x6  
  78  5:23  Zergling x2  
  78  5:24  Zergling x8  
  78  5:27  Lair  
  83  5:30  Zergling x4  
  86  5:35  Drone x5  
  86  5:39  Drone  
  86  5:42  Extractor  
  89  5:43  Extractor, Overlord  
  89  5:45  Drone x2  
  89  5:48  Overlord  
  89  5:49  Overlord  
  90  5:56  Baneling x7  
  90  6:00  Overlord  
  90  6:02  Drone x2  
  90  6:04  Baneling x2  
  91  6:08  Zergling x2  
  91  6:10  Zergling x4  
  89  6:14  Zergling x12  
  86  6:19  Zergling x8  
  85  6:28  Zergling x6  
  87  6:32  Extractor  
  87  6:35  Drone x2  
  90  6:42  Overseer  
  90  6:47  Spire  
  81  6:52  Extractor  
Show
View Real Time Build Order
Export as new Build Order

INnoVation Terran 

Build Orders: 2 Factory, Reaper Expand, Hellion Banshee 

Get SALT Encoding   

  12  0:00  SCV  
  13  0:12  SCV  
  14  0:17  Supply Depot  
  14  0:25  SCV  
  15  0:38  SCV  
  15  0:40  Barracks  
  16  0:43  Refinery  
  16  0:50  SCV  
  17  1:02  SCV  
  18  1:15  SCV  
  19  1:27  Reaper, Orbital Command  
  20  1:38  Command Center  
  20  1:50  Supply Depot  
  20  1:52  SCV  
  21  1:59  Marine  
  22  2:04  SCV  
  22  2:08  Factory  
  23  2:13  Refinery  
  23  2:16  SCV  
  23  2:18  Marine  
  25  2:28  SCV  
  26  2:36  Barracks Reactor  
  26  2:41  SCV  
  27  2:51  Orbital Command  
  27  2:52  Starport  
  27  2:54  SCV  
  28  3:07  SCV  
  28  3:11  Factory  
  29  3:17  Hellion  
  29  3:18  SCV, Hellion  
  29  3:19  SCV  
  35  3:26  Supply Depot  
  35  3:28  Starport Tech Lab  
  35  3:30  SCV  
  35  3:31  SCV  
  37  3:39  Hellion x2  
  41  3:44  SCV x2  
  41  3:46  Banshee  
  46  3:49  Cloaking Field  
  46  3:54  Supply Depot  
  46  3:56  Barracks Tech Lab  
  46  3:57  SCV x2  
  46  3:58  Factory Tech Lab  
  48  4:03  Hellion  
  48  4:04  Hellion  
  52  4:10  SCV  
  52  4:11  SCV  
  52  4:16  Infernal Pre-Igniter  
  54  4:20  Hellion  
  56  4:24  Hellion  
  56  4:25  Hellion  
  60  4:31  Viking  
  60  4:35  Supply Depot x2  
  62  4:46  Supply Depot  
  62  4:47  SCV x2, Hellion, Marine  
  62  4:48  Hellion  
  69  4:57  Hellion  
  69  4:58  Supply Depot  
  69  4:59  SCV x2  
  73  5:04  Armory  
  73  5:09  Hellion x2  
  73  5:13  Banshee  
  80  5:16  SCV x2  
  82  5:25  Supply Depot  
  82  5:26  Hellion  
  84  5:30  Hellion  
  84  5:31  Hellion  
  84  5:33  SCV  
  84  5:34  SCV  
  90  5:47  SCV, Hellion  
  90  5:48  SCV, Supply Depot  
  94  5:52  Hellion x2  
  95  6:05  SCV x2  
  95  6:09  Hellion  
  95  6:13  Hellion x2  
  95  6:17  SCV  
  95  6:18  SCV, Marine  
  81  6:23  Command Center  
  77  6:30  SCV, Engineering Bay  
  77  6:31  SCV  
  77  6:32  Engineering Bay  
  75  6:33  Hellion  
  74  6:42  SCV  
  74  6:43  SCV  
Tags
 
Add a new tag
Caveats
  • Supply blocks, unpowered buildings, or Contaminate may cause inaccurate times.
  • Supply counts are checked every 10 seconds.